AoeStats
← groger

Arabian Desert

509698318Analyzed
1v1 RM · 5d ago on Sep 27, 2026· 48m 32s· 2 players
Game mode
Random Map
Map size
Tiny (2 player)
Population
200
Speed
Normal
Resources
Standard
Victory
Conquest
Starting age
Dark Age
Ending age
Imperial Age
RankedLock teamsTeams togetherTeam positionsShared explorationLock speedFull tech treeHidden civsTurbo modeCheats
Victory
Defeat
🇪🇸 Britons · Spain
507
+13
🇺🇸 Teutons · United States
434
-13
groger
12:01 Feudal Age
13:25 Horse Collar
14:57 Double-Bit Axe
21:04 Castle Age
20:30 Fletching
20:48 Scale Barding Armor
20:54 Forging
21:07 Stone Mining
23:34 Bow Saw
25:15 Elite Skirmisher
34:21 Imperial Age
33:27 Loom
37:31 Capped Ram
39:31 Stone Shaft Mining
39:41 Bodkin Arrow
41:55 Cavalier
43:01 Chain Barding Armor
42:42 Scale Mail Armor
45:33 Paladin
47:12 Plate Barding Armor
angel523tb4
10:30 Feudal Age
17:16 Castle Age
15:37 Stone Mining
16:52 Gold Mining
17:15 Horse Collar
17:43 Double-Bit Axe
19:22 Gold Shaft Mining
24:18 Ballistics
24:06 Heavy Plow
26:43 Town Watch
30:32 Imperial Age
28:27 Fletching
28:38 Padded Archer Armor
31:03 Bow Saw
32:47 Two-Man Saw
31:51 Town Patrol
32:10 Bodkin Arrow
32:31 Leather Archer Armor
33:00 Pikeman
33:26 Arson
35:52 Man-at-Arms
37:47 Warwolf
37:39 Long Swordsman
39:42 Forging
39:33 Scale Mail Armor
39:35 Bracer
39:16 Two-Handed Swordsman
43:43 Champion
45:06 Halberdier
Connection lost

Rejoining the realm…

Still unreachable

The connection could not be restored.

Session expired

The server has moved on; the page needs a fresh start.